[Event "Titled Tuesday Blitz January 03 Early 2023"]
[White "Matinian, Nikita"]
[Black "Gunina, Valentina"]
[WhiteFideId "24129100"]
[BlackFideId "4167570"]
[WhiteElo "2407"]
[BlackElo "2469"]
[Result "1-0"]
[Round "10"]
[TimeControl "180+2"]
[Date "2023.01.03"]
[WhiteClock "0:00:27"]
[BlackClock "0:01:15"]

1. e4 c6 2. d4 d5 3. e5 c5 4. Nf3 cxd4 5. Qxd4 Nc6 6. Qf4 g6 7. Be3 Bh6 8. Qg3 Bxe3 9. fxe3 Qb6 10. Nbd2 Qxe3+ 11. Be2 Nh6 12. Nf1 Qb6 13. O-O-O Nf5 14. Qf4 Be6 15. g4 Ng7 16. Ng3 Rc8 17. Kb1 Qb4 18. Qh6 Kf8 19. Ng5 Nxe5 20. Nxe6+ fxe6 21. Rhf1+ Kg8 22. Qg5 Nf7 23. Qe3 Qb6 24. Qf4 Rf8 25. Rd3 e5 26. Qd2 d4 27. Rdf3 Ne6 28. Bc4 Qc6 29. Qb4 Nf4 30. Ne2 Kg7 31. Rxf4 exf4 32. Nxd4 Qd6 33. Ne6+ Kh6 34. Qc3 Ng5 35. Qg7# 1-0


[Site "https://www.chess.com"]

[Event "Titled Tuesday Blitz January 03 Early 2023"]
[White "Galchenko, Matvey"]
[Black "Skvortsov, Andrei"]
[WhiteFideId "24175480"]
[BlackFideId "24108600"]
[WhiteElo "2438"]
[BlackElo "2313"]
[Result "1-0"]
[Round "10"]
[TimeControl "180+2"]
[Date "2023.01.03"]
[WhiteClock "0:00:25"]
[BlackClock "0:00:02"]

1. f4 c5 2. Nf3 d5 3. g3 Nc6 4. Bg2 g6 5. O-O Bg7 6. d3 e6 7. Nc3 Nge7 8. e4 dxe4 9. dxe4 Qxd1 10. Rxd1 Nd4 11. Ne1 Nec6 12. e5 O-O 13. Ne4 Rd8 14. Be3 Bf8 15. c3 Nf5 16. Rxd8 Nxd8 17. Bxc5 Bxc5+ 18. Nxc5 Kf8 19. Rd1 Ke7 20. Kf2 Rb8 21. Nc2 b6 22. Ne4 h5 23. Nf6 a5 24. h3 Nb7 25. g4 hxg4 26. hxg4 Nh4 27. Nd4 Nxg2 28. Nc6+ Kf8 29. Nxb8 Nxf4 30. Nc6 g5 31. Na7 Nc5 32. Rd8+ Kg7 33. Rg8+ Kh6 34. Nxc8 Ncd3+ 35. Ke3 Nxe5 36. Nd6 1-0


[Site "https://www.chess.com"]

[Event "Titled Tuesday Blitz January 03 Early 2023"]
[White "Abdilkhair, Abilmansur"]
[Black "Kopylov, Alexander A."]
[WhiteFideId "13716417"]
[BlackFideId "4164857"]
[WhiteElo "2268"]
[BlackElo "2397"]
[Result "0-1"]
[Round "10"]
[TimeControl "180+2"]
[Date "2023.01.03"]
[WhiteClock "0:00:01"]
[BlackClock "0:00:17"]

1. d4 Nf6 2. Nc3 d5 3. Bg5 Nbd7 4. Nf3 a6 5. e3 b5 6. Bd3 Bb7 7. O-O g6 8. a4 b4 9. Ne2 Bg7 10. c3 bxc3 11. Nxc3 O-O 12. a5 c5 13. dxc5 Nxc5 14. Be2 Nfe4 15. Nxe4 Nxe4 16. Qb3 Nxg5 17. Qxb7 Qd6 18. Rad1 Nxf3+ 19. Bxf3 e6 20. Rc1 Rfb8 21. Qc6 Qb4 22. Qd7 Rb7 23. Rc8+ Bf8 24. Qe8 Rxc8 25. Qxc8 Qxb2 26. h4 h5 27. Rc1 Kg7 28. Qc3+ Qxc3 29. Rxc3 Rb5 30. Rc6 Rxa5 31. Be2 Ra1+ 32. Kh2 a5 33. Bb5 a4 34. Ra6 a3 35. Be8 Ra2 36. Kg3 Rc2 37. Kf3 a2 38. Ra7 Bb4 39. Bxf7 Kf6 40. Bg8 Bc3 41. Kf4 Be5+ 42. Kf3 g5 43. Rf7+ Kg6 0-1


[Site "https://www.chess.com"]

[Event "Titled Tuesday Blitz January 03 Early 2023"]
[White "Krysa, Leandro"]
[Black "Avila Pavas, Santiago"]
[WhiteFideId "116807"]
[BlackFideId "4437128"]
[WhiteElo "2541"]
[BlackElo "2522"]
[Result "1-0"]
[Round "10"]
[TimeControl "180+2"]
[Date "2023.01.03"]
[WhiteClock "0:00:13"]
[BlackClock "0:00:04"]

1. e4 Nf6 2. e5 Nd5 3. d4 d6 4. c4 Nb6 5. f4 dxe5 6. fxe5 Nc6 7. Be3 Bf5 8. Nc3 e6 9. Nf3 Be7 10. Be2 O-O 11. O-O f6 12. exf6 Bxf6 13. Qd2 Qe8 14. Rad1 Rd8 15. Qc1 Nb4 16. Kh1 Na4 17. Bg1 c5 18. a3 Nc2 19. Nxa4 cxd4 20. Nc5 Qc6 21. Nd3 Qxc4 22. Rd2 Rc8 23. Nde1 Qb3 24. Nxc2 Bxc2 25. Nxd4 Bxd4 26. Rxf8+ Rxf8 27. Bxd4 Be4 28. Bc3 Qb6 29. Bd3 Bc6 30. Qe1 Kh8 31. Qg3 Rg8 32. Rf2 Qd8 33. Rf7 e5 34. Bxe5 h5 35. Rxg7 1-0


[Site "https://www.chess.com"]

[Event "Titled Tuesday Blitz January 03 Early 2023"]
[White "Shipov, Sergei"]
[Black "Maksimovic, Bojan"]
[WhiteFideId "4113624"]
[BlackFideId "14408120"]
[WhiteElo "2541"]
[BlackElo "2486"]
[Result "0-1"]
[Round "10"]
[TimeControl "180+2"]
[Date "2023.01.03"]
[WhiteClock "0:00:01"]
[BlackClock "0:00:18"]

1. d4 g6 2. c4 Bg7 3. e4 d6 4. Nc3 Nf6 5. Be2 Nbd7 6. Nf3 e5 7. O-O O-O 8. Be3 c6 9. d5 c5 10. Ne1 Kh8 11. Nd3 Ng8 12. Qd2 f5 13. f4 g5 14. g3 exf4 15. gxf4 g4 16. e5 dxe5 17. Nxc5 Nxc5 18. Bxc5 Rf7 19. fxe5 Bxe5 20. Bd4 Bxd4+ 21. Qxd4+ Qf6 22. Qxf6+ Rxf6 23. Bd3 Bd7 24. Rae1 Kg7 25. c5 a5 26. a3 a4 27. Re5 Nh6 28. Rf4 Rc8 29. d6 Re6 30. Rxe6 Bxe6 31. Nxa4 Kf6 32. b4 Ra8 33. Bb5 Bb3 34. Nb6 Rxa3 35. d7 Nf7 36. Rd4 Nd8 37. Nd5+ Ke5 38. Rd3 Ra1+ 39. Kf2 Bxd5 40. Re3+ Be4 41. Rc3 f4 42. Rb3 h5 0-1


[Site "https://www.chess.com"]

[Event "Titled Tuesday Blitz January 03 Early 2023"]
[White "Kilic, Eray"]
[Black "Csonka, Balazs"]
[WhiteFideId "44517173"]
[BlackFideId "742910"]
[WhiteElo "2414"]
[BlackElo "2496"]
[Result "0-1"]
[Round "10"]
[TimeControl "180+2"]
[Date "2023.01.03"]
[WhiteClock "0:00:12"]
[BlackClock "0:00:14"]

1. e4 Nf6 2. e5 Nd5 3. d4 d6 4. Nf3 dxe5 5. dxe5 Nc6 6. Bc4 Nb6 7. Bd3 Bg4 8. Bf4 e6 9. Nc3 Nd5 10. Nxd5 Qxd5 11. Be2 Qe4 12. Be3 Rd8 13. Bd3 Bb4+ 14. Kf1 Qd5 15. a3 Bc5 16. Be2 Bxe3 17. Qxd5 Rxd5 18. c4 Rd8 19. fxe3 Ke7 20. Rc1 Bxf3 21. Bxf3 Nxe5 22. Bxb7 Rb8 23. Be4 Rxb2 24. h3 Rd8 25. Kg1 Rdd2 26. Kh2 f5 27. Ba8 Rd8 0-1


[Site "https://www.chess.com"]

[Event "Titled Tuesday Blitz January 03 Early 2023"]
[White "Tan, Zhongyi"]
[Black "Goltsev, Dmitry"]
[WhiteFideId "8603642"]
[BlackFideId "24176710"]
[WhiteElo "2517"]
[BlackElo "2269"]
[Result "1-0"]
[Round "10"]
[TimeControl "180+2"]
[Date "2023.01.03"]
[WhiteClock "0:00:25"]
[BlackClock "0:00:27"]

1. e4 e6 2. d4 d5 3. Nc3 c5 4. exd5 exd5 5. Bb5+ Nc6 6. Qe2+ Be6 7. Nf3 Nf6 8. O-O Be7 9. dxc5 Bxc5 10. Ng5 O-O 11. Nxe6 fxe6 12. Bxc6 bxc6 13. Qxe6+ Kh8 14. Qxc6 Rc8 15. Qe6 d4 16. Na4 d3 17. Nxc5 Rxc5 18. cxd3 Qxd3 19. Be3 Rc2 20. Rad1 Qb5 21. Bd4 h6 22. h3 a5 23. Bxf6 Rxf6 24. Rd8+ Kh7 25. Qg8+ Kg6 26. Rd4 h5 27. a4 Qe2 28. Rd7 Qe6 29. Rxg7+ Kf5 30. Qh7+ Rg6 31. Qxh5+ 1-0


[Site "https://www.chess.com"]

[Event "Titled Tuesday Blitz January 03 Early 2023"]
[White "Atakhan, Abtin"]
[Black "Santos Ruiz, Miguel"]
[WhiteFideId "22502203"]
[BlackFideId "22291482"]
[WhiteElo "2422"]
[BlackElo "2590"]
[Result "0-1"]
[Round "10"]
[TimeControl "180+2"]
[Date "2023.01.03"]
[WhiteClock "0:00:02"]
[BlackClock "0:00:32"]

1. Nf3 c5 2. c4 Nc6 3. g3 Nf6 4. Bg2 g6 5. O-O Bg7 6. Nc3 O-O 7. d4 cxd4 8. Nxd4 d6 9. Nxc6 bxc6 10. Bxc6 Bh3 11. Bxa8 Qxa8 12. f3 Bxf1 13. Qxf1 Rc8 14. e4 Qc6 15. Be3 a6 16. b3 Ng4 17. Bd2 Ne5 18. Rd1 f5 19. Nd5 Qb7 20. Qe2 e6 21. Nc3 Rf8 22. Bf4 g5 23. Bxe5 Bxe5 24. Nb1 g4 25. Nd2 f4 26. fxg4 fxg3 27. hxg3 Bd4+ 28. Kh1 Rf2 29. Qd3 Qg7 30. Nf3 Qh6+ 31. Nh4 e5 32. Rd2 Qxd2 0-1


[Site "https://www.chess.com"]

[Event "Titled Tuesday Blitz January 03 Early 2023"]
[White "Vlassov, Nikolai"]
[Black "Ardelean, George-Catalin"]
[WhiteFideId "4103360"]
[BlackFideId "1207091"]
[WhiteElo "2283"]
[BlackElo "2470"]
[Result "0-1"]
[Round "10"]
[TimeControl "180+2"]
[Date "2023.01.03"]
[WhiteClock "0:00:17"]
[BlackClock "0:00:51"]

1. e4 d5 2. exd5 Qxd5 3. Nc3 Qd6 4. d4 c6 5. Nf3 Bg4 6. h3 Bh5 7. g3 Nf6 8. Bg2 e6 9. O-O Be7 10. Bf4 Qd8 11. Ne2 O-O 12. c3 Nbd7 13. a4 a5 14. Re1 Bg6 15. Qb3 Qb6 16. Qxb6 Nxb6 17. Ne5 Nfd5 18. Nxg6 hxg6 19. Bc1 Rfd8 20. b3 Rd7 21. Bb2 Rc8 22. Rad1 Kf8 23. Nc1 c5 24. dxc5 Bxc5 25. c4 Nb4 26. Rxd7 Nxd7 27. Bxb7 Rb8 28. Be4 Nf6 29. Bb1 Rd8 30. Bc3 Bd4 31. Bxb4+ axb4 32. Na2 Bc5 33. Nc1 Rd2 34. Nd3 Bd4 35. Kg2 Nd7 36. Kf3 f5 37. Rxe6 Nc5 38. Nxc5 Rxf2# 0-1


[Site "https://www.chess.com"]

[Event "Titled Tuesday Blitz January 03 Early 2023"]
[White "Mekhitarian, Krikor Sevag"]
[Black "Atanasov, Anthony"]
[WhiteFideId "2107660"]
[BlackFideId "2623897"]
[WhiteElo "2537"]
[BlackElo "2368"]
[Result "1-0"]
[Round "10"]
[TimeControl "180+2"]
[Date "2023.01.03"]
[WhiteClock "0:00:03"]
[BlackClock "0:00:02"]

1. e4 e5 2. Nf3 Nf6 3. d3 Nc6 4. c3 d5 5. Nbd2 a5 6. Be2 a4 7. O-O Bc5 8. Rb1 Ng4 9. d4 exd4 10. cxd4 Bb6 11. e5 Bf5 12. h3 h5 13. Ra1 Nb4 14. a3 Bc2 15. Qe1 Nd3 16. Bxd3 Bxd3 17. Qd1 Bxf1 18. Nxf1 Nh6 19. Bg5 Qd7 20. Ng3 Nf5 21. Ne2 O-O 22. Qd3 Ne7 23. Ng3 g6 24. Bf6 Nf5 25. Qd2 Kh7 26. Ng5+ Kg8 27. N5e4 Ba5 28. Qf4 Kh7 29. Ng5+ Kg8 30. Nf3 Kh7 31. Nxh5 gxh5 32. Qg5 Bd2 33. Qxh5+ Bh6 34. g4 Rg8 35. Kh2 Rg6 36. gxf5 Rxf6 37. exf6 Qd6+ 38. Kh1 Qxf6 39. h4 Rg8 40. Ng5+ Kg7 41. Rg1 Kf8 42. Nh7+ 1-0


[Site "https://www.chess.com"]

[Event "Titled Tuesday Blitz January 03 Early 2023"]
[White "Cardoso Cardoso, Jose Gabriel"]
[Black "Bodnaruk, Anastasia"]
[WhiteFideId "4430492"]
[BlackFideId "4181751"]
[WhiteElo "2492"]
[BlackElo "2350"]
[Result "1/2-1/2"]
[Round "10"]
[TimeControl "180+2"]
[Date "2023.01.03"]
[WhiteClock "0:00:03"]
[BlackClock "0:00:06"]

1. d4 Nf6 2. Nc3 d5 3. Bf4 g6 4. e3 Bg7 5. h4 h5 6. Nf3 O-O 7. Nb5 Na6 8. Ne5 c6 9. Nc3 Nc7 10. Bd3 Ne6 11. Bg5 c5 12. Nxg6 fxg6 13. Bxg6 cxd4 14. exd4 Qb6 15. Bxf6 Rxf6 16. Qxh5 Nf4 17. Qh7+ Kf8 18. h5 Re6+ 19. Kf1 Nxg6 20. hxg6 Rxg6 21. Rh5 Bg4 22. Rh4 Qa6+ 23. Kg1 Bf5 24. Rf4 Qe6 25. Qh5 Rf6 26. Qf3 Rd8 27. g4 Be4 28. Nxe4 dxe4 29. Qxe4 Qxe4 30. Rxe4 Rb6 31. c3 Rxb2 32. Rae1 Rd7 33. a4 Rc2 34. R1e3 Rc7 35. Rf3+ Ke8 36. Ree3 Ra2 37. Rf5 Rxa4 38. g5 Ra6 39. f4 Rac6 40. Rb5 b6 41. Rb3 a5 42. Kg2 a4 43. Ra3 b5 44. Kf3 Rc4 45. f5 Kf7 46. Kg4 b4 47. cxb4 Bxd4 48. Re4 Rxb4 49. g6+ Kf6 50. Re6+ Kg7 51. Re4 Bc5 52. Rxb4 Bxb4 53. Rxa4 Rc4+ 54. Kf3 Rd4 55. Ke3 Rh4 56. Kd3 Be1 57. Ra7 Rh3+ 58. Ke2 Bb4 59. Rb7 Bd6 60. Rb5 Kf6 61. Kf2 Rh5 62. Kf3 Rh4 63. Ke3 Rh3+ 64. Ke4 Rh4+ 65. Kf3 Rf4+ 66. Ke3 Rc4 67. Rd5 Rc5 68. Ke4 Rxd5 69. Kxd5 Ba3 70. Ke4 Bb2 71. Kf4 Be5+ 72. Ke4 Bd6 73. Kd5 Bc7 74. Ke4 Bd6 75. Kd5 1/2-1/2


[Site "https://www.chess.com"]

[Event "Titled Tuesday Blitz January 03 Early 2023"]
[White "Tologon tegin, Semetei"]
[Black "Starozhilov, Leonid"]
[WhiteFideId "13800574"]
[BlackFideId "14106752"]
[WhiteElo "2372"]
[BlackElo "2313"]
[Result "1-0"]
[Round "10"]
[TimeControl "180+2"]
[Date "2023.01.03"]
[WhiteClock "0:01:13"]
[BlackClock "0:00:02"]

1. e4 g6 2. d4 Bg7 3. Nc3 d6 4. Bf4 Nc6 5. Nge2 e5 6. dxe5 Nxe5 7. Ng3 Nf6 8. Qd2 Be6 9. h4 h5 10. O-O-O Qe7 11. Bg5 O-O-O 12. f4 Neg4 13. Qd4 Kb8 14. Nb5 c5 15. Qa4 a6 16. Nc3 Qc7 17. Rd2 Rc8 18. Bc4 b5 19. Bxb5 axb5 20. Nxb5 Qb6 21. Rxd6 Rc6 22. Rxc6 Qxc6 23. f5 Bd7 24. Bf4+ Kc8 25. Na7+ Kb7 26. Nxc6 Bxc6 27. Qb3+ Ka6 28. Qxf7 Bf8 29. e5 Nd5 30. Qxg6 Kb5 31. c4+ Kxc4 32. Qxc6 Nxf4 33. Qe4+ Kb5 34. Qxf4 Bh6 35. Rf1 Bxf4+ 36. Rxf4 Kc6 37. e6 Kd5 38. Nxh5 Ne3 39. g4 Ke5 40. Rf3 Nxg4 41. e7 Ke4 42. Rf4+ 1-0


[Site "https://www.chess.com"]

[Event "Titled Tuesday Blitz January 03 Early 2023"]
[White "Aghasiyev, Kamal"]
[Black "Goryachkina, Aleksandra"]
[WhiteFideId "13402854"]
[BlackFideId "4147103"]
[WhiteElo "2441"]
[BlackElo "2571"]
[Result "1/2-1/2"]
[Round "10"]
[TimeControl "180+2"]
[Date "2023.01.03"]
[WhiteClock "0:00:23"]
[BlackClock "0:00:26"]

1. d4 Nf6 2. c4 e6 3. Nf3 d5 4. g3 Be7 5. Bg2 O-O 6. O-O dxc4 7. Qc2 a6 8. a4 c5 9. dxc5 Bxc5 10. Qxc4 Qe7 11. Ne5 Nbd7 12. Bf4 Nd5 13. Nd3 Nxf4 14. gxf4 Bd6 15. Nc3 Nf6 16. Rfd1 Rb8 17. Ne5 b5 18. axb5 axb5 19. Nxb5 Bxe5 20. fxe5 Nd5 21. Nd6 Qg5 22. Qe4 Rb4 23. Rd4 Rxd4 24. Qxd4 Nf4 25. Qe4 Nxg2 26. Qxg2 Qxe5 27. Nxc8 Rxc8 28. Ra8 Rf8 29. Rxf8+ Kxf8 30. Qa8+ 1/2-1/2


[Site "https://www.chess.com"]

[Event "Titled Tuesday Blitz January 03 Early 2023"]
[White "Yeritsyan, Hayk"]
[Black "Aradhya, Garg"]
[WhiteFideId "13307320"]
[BlackFideId "25006746"]
[WhiteElo "2241"]
[BlackElo "2284"]
[Result "0-1"]
[Round "10"]
[TimeControl "180+2"]
[Date "2023.01.03"]
[WhiteClock "0:00:03"]
[BlackClock "0:00:08"]

1. e4 e5 2. Nf3 Nc6 3. Bb5 a6 4. Bxc6 dxc6 5. d4 exd4 6. Qxd4 Qxd4 7. Nxd4 Bd7 8. Nc3 O-O-O 9. Be3 Ne7 10. O-O Ng6 11. Rad1 Bb4 12. Nce2 Rde8 13. Ng3 Ne5 14. f3 Nc4 15. Bc1 Bc5 16. b3 Nd6 17. Bb2 f5 18. exf5 Nxf5 19. Nxf5 Bxf5 20. Kh1 Bg6 21. c4 Re7 22. Rfe1 Rhe8 23. Rxe7 Rxe7 24. h4 Rd7 25. Kh2 Bb6 26. b4 c5 27. bxc5 Bxc5 28. Bc3 Bf7 29. Rd2 Bxc4 30. a4 b5 31. axb5 axb5 32. Nc6 Rxd2 33. Bxd2 Kd7 34. Ne5+ Ke6 35. Bc3 Bd6 36. f4 Bd5 37. g4 g6 38. Kg3 b4 39. Bb2 c5 40. h5 gxh5 41. f5+ Kf6 42. Kf4 hxg4 0-1


[Site "https://www.chess.com"]

[Event "Titled Tuesday Blitz January 03 Early 2023"]
[White "Dominguez Perez, Leinier"]
[Black "Salimova, Nurgyul"]
[WhiteFideId "3503240"]
[BlackFideId "2915138"]
[WhiteElo "2739"]
[BlackElo "2391"]
[Result "1-0"]
[Round "10"]
[TimeControl "180+2"]
[Date "2023.01.03"]
[WhiteClock "0:00:22"]
[BlackClock "0:00:03"]

1. e4 e5 2. Nf3 Nc6 3. Bc4 Nf6 4. d3 Bc5 5. c3 O-O 6. O-O d5 7. exd5 Nxd5 8. Re1 Bg4 9. Nbd2 Re8 10. h3 Bh5 11. d4 Bb6 12. g4 Bg6 13. Nf1 e4 14. N3h2 Qd6 15. Bxd5 Qxd5 16. Bf4 Rad8 17. Ne3 Qd7 18. Qa4 Qe7 19. Rad1 Qf6 20. Bg3 h5 21. Nhf1 h4 22. Bh2 Qf3 23. Nd2 Qxh3 24. Qb5 Ne7 25. Qf1 Qxf1+ 26. Kxf1 f6 27. Ndc4 Bf7 28. Nxb6 cxb6 29. c4 b5 30. b3 bxc4 31. bxc4 b5 32. cxb5 Bxa2 33. Ra1 Be6 34. Rxa7 Nd5 35. Rb1 Nc3 36. Rb4 Nd5 37. Nxd5 Bxd5 38. b6 e3 39. fxe3 Rxe3 40. b7 Rf3+ 41. Kg1 1-0


[Site "https://www.chess.com"]

[Event "Titled Tuesday Blitz January 03 Early 2023"]
[White "Agasarov, Benik"]
[Black "Yeletsky, Ivan"]
[WhiteFideId "13314823"]
[BlackFideId "24180327"]
[WhiteElo "2235"]
[BlackElo "2494"]
[Result "0-1"]
[Round "10"]
[TimeControl "180+2"]
[Date "2023.01.03"]
[WhiteClock "0:00:54"]
[BlackClock "0:01:18"]

1. e4 Nf6 2. e5 Nd5 3. f4 c5 4. Qf3 e6 5. Nc3 Nc6 6. Nxd5 Nd4 7. Qd1 exd5 8. c3 Nc6 9. Nf3 d6 10. Bb5 Be7 11. O-O O-O 12. d4 Qb6 13. Ba4 Bg4 14. Bxc6 bxc6 15. h3 Bf5 16. Kh1 Rab8 17. b3 cxd4 18. cxd4 c5 19. Be3 c4 20. bxc4 dxc4 21. d5 Qxe3 22. Nd4 Bd3 23. Nc6 Rbe8 24. Re1 Qxf4 25. Qa4 dxe5 26. Rad1 Bh4 27. d6 Bxe1 28. Rxe1 Qd2 29. Rd1 Qc2 30. Qxc2 Bxc2 31. Rd2 Ba4 32. Nb4 c3 33. Rd3 c2 34. Rc3 Rc8 0-1


[Site "https://www.chess.com"]

[Event "Titled Tuesday Blitz January 03 Early 2023"]
[White "Baskakov, Egor"]
[Black "HSH1987"]
[WhiteFideId "24197866"]
[WhiteElo "2215"]
[BlackElo "2675"]
[Result "1-0"]
[Round "10"]
[TimeControl "180+2"]
[Date "2023.01.03"]
[WhiteClock "0:01:12"]
[BlackClock "0:00:02"]

1. e4 c6 2. d4 d5 3. e5 Bf5 4. Ne2 e6 5. Ng3 Bg6 6. h4 h5 7. Bd3 Bxd3 8. cxd3 g6 9. Nd2 c5 10. dxc5 Bxc5 11. Nf3 Nc6 12. d4 Be7 13. Ne2 Nh6 14. Bxh6 Rxh6 15. g3 Qb6 16. O-O Rh8 17. Qd2 Kf8 18. Rab1 Kg7 19. Qf4 Rac8 20. Ng5 Bxg5 21. hxg5 Qd8 22. Rbc1 Re8 23. Kg2 Ne7 24. Rxc8 Qxc8 25. Qf6+ Kg8 26. g4 Qc2 27. Ng3 h4 28. Rh1 Kf8 29. Rxh4 Ng8 30. Qh8 Qxb2 31. Rh7 Qxd4 32. Qg7+ Ke7 33. Qxf7+ Kd8 34. Qc7# 1-0


[Site "https://www.chess.com"]

[Event "Titled Tuesday Blitz January 03 Early 2023"]
[White "Wagner, Dennis"]
[Black "Costachi, Mihnea"]
[WhiteFideId "24650684"]
[BlackFideId "1217518"]
[WhiteElo "2595"]
[BlackElo "2476"]
[Result "0-1"]
[Round "10"]
[TimeControl "180+2"]
[Date "2023.01.03"]
[WhiteClock "0:00:02"]
[BlackClock "0:00:22"]

1. d4 Nf6 2. Nf3 d5 3. c4 c6 4. Nc3 a6 5. Qc2 g6 6. cxd5 cxd5 7. Bf4 Nc6 8. e3 Bf5 9. Qb3 Na5 10. Qa4+ b5 11. Qd1 Rc8 12. Ne5 Nc4 13. Bxc4 dxc4 14. g4 Be4 15. Nxe4 Nxe4 16. f3 Qa5+ 17. Ke2 Nf6 18. e4 Bg7 19. h4 Nd7 20. Nxd7 Kxd7 21. h5 c3 22. Qb3 cxb2 23. Rab1 Qc3 24. Qxf7 Qc4+ 25. Qxc4 Rxc4 26. Rxb2 Bxd4 27. Rd2 Ke6 28. Rxd4 Rxd4 29. hxg6 Ra4 30. gxh7 Rxa2+ 31. Ke3 Kf6 32. Rh5 Kg6 33. Rg5+ Kxh7 34. Be5 Rg8 35. Rh5+ Kg6 36. Kf4 Rf8+ 37. Kg3 Ra3 38. Bf4 b4 39. Rh6+ Kg7 40. Rb6 a5 41. g5 Ra2 42. Be5+ Kg8 43. f4 Re2 44. Kf3 Re1 45. Rh6 Kf7 46. Ra6 b3 47. g6+ Kg8 48. Rxa5 Rf1+ 49. Ke2 Rg1 50. Rb5 Rxg6 51. Rxb3 Kf7 52. Kf3 Rfg8 53. Rb7 Rg3+ 54. Ke2 Rg2+ 55. Ke3 R8g3+ 56. Kd4 Rd2+ 57. Kc4 Re3 58. Kc5 Rxe4 59. Ra7 Re1 60. Ra8 Rc1+ 61. Kb4 Ke6 62. Ra6+ Kf5 63. Rh6 Rd7 64. Rh5+ Ke4 65. Rh2 Rb7+ 66. Ka3 Rc6 0-1


[Site "https://www.chess.com"]

[Event "Titled Tuesday Blitz January 03 Early 2023"]
[White "Kobalia, Mikhail"]
[Black "Khoroshev, Nikita"]
[WhiteFideId "4119150"]
[BlackFideId "14200287"]
[WhiteElo "2578"]
[BlackElo "2336"]
[Result "1/2-1/2"]
[Round "10"]
[TimeControl "180+2"]
[Date "2023.01.03"]
[WhiteClock "0:00:11"]
[BlackClock "0:00:52"]

1. e4 c5 2. Nf3 e6 3. d4 cxd4 4. Nxd4 Nf6 5. Nc3 Nc6 6. Ndb5 Bb4 7. a3 Bxc3+ 8. Nxc3 d5 9. exd5 exd5 10. Bd3 O-O 11. O-O Bg4 12. f3 Bh5 13. Kh1 d4 14. Ne2 Nd5 15. Nf4 Nxf4 16. Bxf4 Bg6 17. Re1 Qd5 18. Qe2 Bxd3 19. cxd3 f6 20. Kg1 Rfe8 21. Qc2 Kf7 22. Re4 f5 23. Rxe8 Rxe8 24. Kf2 h6 25. h4 a5 26. h5 Re6 27. Rc1 Ke7 28. Qc5+ Qxc5 29. Rxc5 Kf6 30. Rb5 Re7 31. Rd5 Ke6 32. Rd6+ Kf7 33. Bd2 Re6 34. Rd5 Kf6 35. Bxa5 Re3 36. Rb5 Rxd3 37. Be1 Rd1 38. Ke2 Rb1 39. Bh4+ Ke6 40. Rxb7 Ne5 41. Bg3 Nc4 42. Rb4 Rxb2+ 43. Rxb2 Nxb2 44. Be1 Kd5 45. Bb4 Nc4 46. Bf8 Ne3 47. g3 f4 48. g4 Kc4 49. Bxg7 d3+ 50. Kd2 Nf1+ 51. Ke1 Nh2 52. Bxh6 Nxf3+ 53. Kd1 Ne5 54. Bxf4 Nxg4 55. h6 Nxh6 56. Bxh6 Kb3 57. Bf8 Ka4 58. Bb4 d2 59. Kxd2 Kb5 60. Kd3 Ka6 61. Kd4 Kb7 62. Kd5 Ka8 63. Kc5 Kb7 64. Kb5 Ka8 65. Ka6 Kb8 66. Bc5 Ka8 67. Bb6 Kb8 68. Ba7+ Ka8 69. Bb6 Kb8 70. Bc7+ Ka8 71. Bb8 Kxb8 72. Kb5 Ka8 73. a4 Kb8 74. a5 Ka8 75. a6 Kb8 76. a7+ Ka8 77. Kc5 Kxa7 1/2-1/2


[Site "https://www.chess.com"]

[Event "Titled Tuesday Blitz January 03 Early 2023"]
[White "Nigmatov, Ortik"]
[Black "Averjanov, Alexey"]
[WhiteFideId "14202131"]
[BlackFideId "14109867"]
[WhiteElo "2438"]
[BlackElo "2399"]
[Result "0-1"]
[Round "10"]
[TimeControl "180+2"]
[Date "2023.01.03"]
[WhiteClock "0:01:52"]
[BlackClock "0:02:05"]

1. c4 c5 2. Nf3 Nc6 3. g3 g6 4. Bg2 Bg7 5. O-O e6 6. Nc3 Nge7 7. d3 O-O 8. e4 d6 9. Bf4 Nd4 10. Nxd4 cxd4 11. Ne2 e5 12. Bd2 Be6 13. f4 Qd7 14. b4 f5 15. Rc1 Rac8 16. c5 dxc5 17. bxc5 Nc6 18. fxe5 Nxe5 19. Nf4 Bxa2 20. exf5 Rxf5 21. Ra1 Bf7 22. Rxa7 Rxc5 23. Rxb7 Qd8 24. Qb1 g5 25. Rb8 Rc8 26. Rxc8 Qxc8 27. Nd5 Rxf1+ 28. Qxf1 Qd8 29. Nb4 Bg6 30. h3 h6 31. Kh2 Kh7 32. Qe2 Qf6 33. Nd5 Qf7 34. Be4 Bxe4 35. Qxe4+ Qg6 36. Nb4 Qxe4 37. dxe4 Nf3+ 38. Kg2 Nxd2 0-1


[Site "https://www.chess.com"]

[Event "Titled Tuesday Blitz January 03 Early 2023"]
[White "Khumalo, Keith"]
[Black "Yuan, Qingyu"]
[WhiteFideId "14319470"]
[BlackFideId "8609772"]
[WhiteElo "2099"]
[BlackElo "2373"]
[Result "0-1"]
[Round "10"]
[TimeControl "180+2"]
[Date "2023.01.03"]
[WhiteClock "0:01:42"]
[BlackClock "0:00:53"]

1. d4 d5 2. c4 e6 3. Nf3 Nf6 4. g3 Bb4+ 5. Bd2 Be7 6. Qc2 O-O 7. Bg2 Nbd7 8. O-O c6 9. Bf4 b6 10. Nbd2 Bb7 11. e4 dxe4 12. Nxe4 Nxe4 13. Qxe4 Nf6 14. Qe2 c5 15. Rfd1 Qc8 16. d5 Re8 17. Bh3 Bf8 18. dxe6 fxe6 19. Bd6 Qc6 20. Bxf8 Qxf3 21. Qxf3 Bxf3 22. Bd6 Bxd1 23. Rxd1 Rad8 24. f3 Kf7 25. Kf2 Rd7 0-1


[Site "https://www.chess.com"]

[Event "Titled Tuesday Blitz January 03 Early 2023"]
[White "Papp, Levente"]
[Black "Harsh Suresh"]
[WhiteFideId "751243"]
[BlackFideId "45018464"]
[WhiteElo "2353"]
[BlackElo "2298"]
[Result "1/2-1/2"]
[Round "10"]
[TimeControl "180+2"]
[Date "2023.01.03"]
[WhiteClock "0:00:07"]
[BlackClock "0:00:02"]

1. c4 Nf6 2. Nc3 c5 3. g3 Nc6 4. Bg2 e6 5. e4 Be7 6. Nge2 O-O 7. O-O d6 8. d3 Rb8 9. Rb1 a6 10. a3 b5 11. cxb5 axb5 12. b4 cxb4 13. axb4 d5 14. exd5 exd5 15. Bg5 Be6 16. Nf4 Nxb4 17. Bxf6 Bxf6 18. Qb3 d4 19. Nxe6 fxe6 20. Qxe6+ Kh8 21. Ne4 Nd5 22. Nd6 Nc3 23. Nf7+ Rxf7 24. Qxf7 Nxb1 25. Rxb1 b4 26. Bd5 Qe7 27. Qxe7 Bxe7 28. Bc4 g5 29. Kg2 Kg7 30. Kf3 Rf8+ 31. Kg2 Rb8 32. Re1 Bf6 33. Rb1 g4 34. f3 gxf3+ 35. Kxf3 Be7 36. Re1 Bc5 37. Rb1 Re8 38. Kf2 Re3 39. Ra1 Kf6 40. Ra6+ Kg7 41. Rc6 Be7 42. Rc7 Re5 43. Rd7 Kf6 44. Kg2 Bc5 45. Rd8 Re2+ 46. Kh3 Rc2 47. Rd5 Be7 48. Rxd4 Rc3 49. Rf4+ Ke5 50. Rf1 Kd4 51. Re1 Bd6 52. Rb1 Ke3 53. Re1+ Kd2 54. Re6 Bc5 55. Re5 Bd6 56. Re6 Bc5 57. Re5 Bf8 58. Re8 Bc5 59. Re5 1/2-1/2


[Site "https://www.chess.com"]

[Event "Titled Tuesday Blitz January 03 Early 2023"]
[White "Goroshkov, Maksym"]
[Black "Rustemov, Alexander"]
[WhiteFideId "14142716"]
[BlackFideId "4119002"]
[WhiteElo "2287"]
[BlackElo "2525"]
[Result "1-0"]
[Round "10"]
[TimeControl "180+2"]
[Date "2023.01.03"]
[WhiteClock "0:00:21"]
[BlackClock "0:00:06"]

1. e4 e6 2. d4 d5 3. exd5 exd5 4. c4 Nf6 5. Nc3 Bb4 6. Nf3 O-O 7. Be2 dxc4 8. Bxc4 Nc6 9. O-O h6 10. Be3 Bd6 11. h3 Bf5 12. Bd3 Bxd3 13. Qxd3 Nb4 14. Qd2 Nbd5 15. Rae1 Re8 16. Qd3 c6 17. Bd2 Qc7 18. Qc4 Rad8 19. Qb3 Qb6 20. Be3 Qxb3 21. axb3 Bb4 22. Bd2 Bf8 23. Ne5 Nc7 24. Be3 Ne6 25. Rd1 Nd5 26. Nc4 Rd7 27. Ne5 Rdd8 28. Nc4 Re7 29. Ra1 a6 30. Rad1 Red7 31. Ne5 Rc7 32. Nc4 Bb4 33. Ne4 f5 34. Nc5 Bxc5 35. dxc5 f4 36. Bd4 Rcd7 37. Ne5 Nxd4 38. Rxd4 Re7 39. Ng6 Rf7 40. Ne5 Rf5 41. Nc4 g5 42. Nd6 Re5 43. Nxb7 Rb8 44. Na5 Ne7 45. b4 Kf7 46. Ra1 Re2 47. Nc4 Nd5 48. Rxa6 Nxb4 49. Ra7+ Kf6 50. Rd6+ Re6 51. Rh7 Rxd6 52. Rxh6+ Kf5 53. Rxd6 Rb5 54. Rxc6 Rb8 55. Rb6 Rxb6 56. cxb6 Nc6 57. b7 Ke6 58. b4 Nb8 59. b5 Kd5 60. Na5 Nd7 61. Nc6 Kc5 62. b8=Q Nxb8 63. Nxb8 Kxb5 64. g3 Kc5 65. gxf4 1-0


[Site "https://www.chess.com"]